AoeStats
← Křovák

Arena

505401070Analyzed
1v1 RM · 24d ago on Sep 9, 2026· 45m 45s· 2 players
Game mode
Random Map
Map size
Tiny (2 player)
Population
200
Speed
Normal
Resources
Standard
Victory
Conquest
Starting age
Dark Age
Ending age
Imperial Age
RankedLock teamsTeams togetherTeam positionsShared explorationLock speedFull tech treeHidden civsTurbo modeCheats
Victory
Defeat
🇨🇿 Teutons · Czechia
788
+16
🇳🇱 Vikings · Netherlands
788
-30
Křovák
9:11 Loom
11:58 Feudal Age
16:03 Castle Age
14:33 Double-Bit Axe
14:49 Horse Collar
25:02 Bow Saw
24:58 Heavy Plow
30:47 Imperial Age
28:04 Town Watch
29:34 Fletching
29:45 Padded Archer Armor
30:27 Bodkin Arrow
30:05 Crossbowman
31:36 Leather Archer Armor
32:07 Wheelbarrow
33:19 Crenellations
33:13 Gold Mining
34:15 Ring Archer Armor
35:11 Conscription
37:45 Chemistry
37:06 Ballistics
42:26 Elite Skirmisher
jessebeekje
3:48 Loom
10:07 Feudal Age
18:13 Castle Age
16:09 Double-Bit Axe
17:31 Stone Mining
18:06 Gold Mining
18:09 Fletching
18:20 Padded Archer Armor
18:21 Scale Mail Armor
19:56 Bow Saw
20:39 Horse Collar
22:48 Heavy Plow
23:42 Gold Shaft Mining
23:49 Arson
24:05 Squires
23:51 Gambesons
23:26 Pikeman
24:04 Bodkin Arrow
28:14 Forging
27:32 Crossbowman
29:43 Iron Casting
31:03 Murder Holes
35:25 Imperial Age
34:18 Ballistics
34:14 Chain Mail Armor
34:45 Elite Skirmisher
35:54 Fortified Wall
36:01 Leather Archer Armor
35:30 Arbalester
36:53 Conscription
39:33 Chemistry
38:55 Bracer
39:26 Ring Archer Armor
39:10 Masonry
41:21 Bogsveigar
42:03 Man-at-Arms
44:17 Architecture
43:44 Long Swordsman
44:33 Capped Ram
Connection lost

Rejoining the realm…

Still unreachable

The connection could not be restored.

Session expired

The server has moved on; the page needs a fresh start.